 Dungeon Crawl Stone Soup version 0.19-a0-1740-g0bcaf2e (webtiles) character file.

1549 Amnesiac the Digger (level 8, 0/52 HPs)
             Began as a Mummy Earth Elementalist on Oct 2, 2016.
             Was an Initiate of Gozag.
             Shot with an arrow by a centaur (9 damage)
             ... on level 6 of the Dungeon.
             The game lasted 00:16:30 (6038 turns).

Amnesiac the Digger (Mummy Earth Elementalist)      Turns: 6038, Time: 00:16:31

Health: 0/52       AC:  5    Str: 11    XL:     8   Next: 57%
Magic:  2/14       EV: 12    Int: 15    God:    Gozag
Gold:   766        SH:  0    Dex: 14    Spells: 4 memorised, 3 levels left

rFire  x . .     SeeInvis .     r - +1 dagger (venom)
rCold  + . .     Gourm    .     c - +0 robe
rNeg   + + +     Faith    .     (no shield)
rPois  ∞         Spirit   .     (no helmet)
rElec  .         Dismiss  .     (no cloak)
rCorr  .         Reflect  .     (no gloves)
MR     +....     Harm     .     e - +2 pair of boots
Stlth  +++.......               (no amulet)
                                (no ring)
                                i - ring of wizardry

@: no status effects
A: no food or potions, fire vulnerability, cold resistance 1, negative energy
resistance 3, torment resistance, unbreathing
a: Potion Petition, Call Merchant, Bribe Branch, Renounce Religion


You were on level 6 of the Dungeon.
You worshipped Gozag.
Gozag was pleased with you.
You were not hungry.

You visited 2 branches of the dungeon, and saw 7 of its levels.

You collected 820 gold pieces.
You paid 54 gold pieces to Gozag.

Inventory:

Hand Weapons
 a - a +2 trident of venom
 r - a +1 dagger of venom (weapon)
Missiles
 n - 61 stones (quivered)
Armour
 c - a +0 robe (worn)
 e - a +2 pair of boots (worn)
 k - a troll hide {Purgy}
Jewellery
 i - a ring of wizardry (left hand)
Scrolls
 b - a scroll of enchant armour {unknown}
 g - a scroll of teleportation
 h - 2 scrolls of magic mapping
 j - a scroll of amnesia
 l - 2 scrolls of blinking
 o - a scroll of remove curse
 p - a scroll of fear
 q - a scroll of enchant weapon
Books
 d - a book of Geomancy

   Spells                             Type                      Level
   a - Sandblast                      Earth                        1
   b - Passwall                       Transmutation/Earth          2
   c - Stone Arrow                    Conjuration/Earth            3
   d - Petrify                        Transmutation/Earth          4
   e - Lee's Rapid Deconstruction     Earth                        5
 f - a Young Poisoner's Handbook

   Spells                             Type                      Level
   a - Sting                          Conjuration/Poison           1
   b - Mephitic Cloud                 Conjuration/Poison/Air       3
   c - Olgreb's Toxic Radiance        Poison                       4
   d - Alistair's Intoxication        Transmutation/Poison         5
   e - Venom Bolt                     Conjuration/Poison           5


   Skills:
 + Level 4.6 Short Blades
 - Level 1.5 Dodging
 - Level 4.0 Stealth
 - Level 4.0 Spellcasting
 - Level 2.0 Transmutations
 - Level 6.0 Earth Magic


You had 3 spell levels left.
You knew the following spells:

 Your Spells              Type           Power        Failure   Level  Hunger
a - Lee's Rapid Deconstr  Erth           ###.......   17%         5    N/A
e - Petrify               Tmut/Erth      ###.....     14%         4    N/A
f - Sandblast             Erth           ###...       1%          1    N/A
v - Passwall              Tmut/Erth      ###.......   2%          2    N/A

Dungeon Overview and Level Annotations

Branches:
Dungeon (6/15)             Temple (1/1) D:5

Altars:
Ashenzari
Cheibriados
Dithmenos
Elyvilon
Fedhas
Gozag
Hepliaklqana
Kikubaaqudgha
Makhleb
Nemelex Xobeh
Okawaru
Qazlal
Ru
Sif Muna
Trog
Uskayaw
Vehumet
Xom
Yredelemnul
Zin
The Shining One

Shops:
D:6 }!


Innate Abilities, Weirdness & Mutations

You do not eat or drink.
Your flesh is vulnerable to fire.
You are immune to poison.
Your flesh is cold resistant. (rC+)
You are immune to negative energy. (rN+++)
You are immune to unholy pain and torment.
You can survive without breathing.


Message History

The orc is heavily wounded.
You kill the orc!
You now have 766 gold pieces (gained 22).
Things that are here:
a chain mail; a club; a leather armour You start resting.
A centaur comes into view.
The centaur shouts!
The centaur wields a shortbow.
The centaur shoots an arrow.
The arrow hits you!
* * * LOW HITPOINT WARNING * * *
You see here an arrow.
Casting: Lee's Rapid Deconstruction
Confirm with . or Enter, or press ? or * to list all spells.
Aiming: Petrify
Press: ? - help, Shift-Dir - straight line, f - centaur
Aim: a centaur, wielding a shortbow and wearing a coiled wooden ring (chance to defeat MR: 46%)
The centaur resists with some effort.
The centaur shoots an arrow.
The arrow hits you!
You die...
Your body crumbles into a pile of gold.

## .#### ....# #.#.### ##
......# ########.$.
#.#.#.##############..........
.......#.......$.gg..#........
..#.#.##.#############.####o#.
................@.[$$>$c......
###....#.#####.######...#.#.#.
..#..gg#+#......# ....# ..
(............#..# ....... .#
.............#..+ ......### #
.)##.#.......#..#........
..##.#.......#..#.......##
..##.##..%g..#..#####'#.#
..##.##..#'#.#...


You could see a centaur.

Vanquished Creatures
  Eustachio (D:6)
  Purgy (D:4)
  An ice beast (D:6)
  A wasp (D:5)
  An ogre (D:4)
  A centaur (D:5)
  2 scorpions
  2 howler monkeys (D:5)
  3 crimson imps (D:5)
  2 jellies (D:5)
  A hound (D:5)
  A gnoll shaman (D:6)
  An orc priest (D:3)
  An iguana (D:6)
  5 orc wizards
  2 worker ants
  7 gnolls
  12 adders
  A howler monkey skeleton (D:6)
  A river rat (D:5)
  A shadow imp (D:5)
  An adder skeleton (D:5)
  A worm (D:2)
  8 dart slugs
  7 leopard geckos
  11 orcs
  11 bats
  5 giant cockroaches
  5 hobgoblins
  9 jackals
  4 ball pythons
  5 frilled lizards
  5 goblins
  7 kobolds
  10 rats
  A rat zombie (D:5)
138 creatures vanquished.

Notes
Turn   | Place    | Note
-------+----------+-------------------------------------------
     0 | D:1      | Amnesiac the Mummy Earth Elementalist began the quest for the Orb.
     0 | D:1      | Reached XP level 1. HP: 13/13 MP: 3/3
   285 | D:2      | Reached skill level 3 in Earth Magic
   285 | D:2      | Reached XP level 2. HP: 19/19 MP: 3/5
   289 | D:2      | Learned a level 2 spell: Passwall
   534 | D:3      | Reached XP level 3. HP: 20/24 MP: 1/6
   750 | D:3      | Reached skill level 4 in Earth Magic
   765 | D:3      | Reached XP level 4. HP: 23/30 MP: 0/7
   929 | D:4      | Noticed Purgy
  1074 | D:4      | Noticed an ogre
  1663 | D:4      | Learned a level 4 spell: Petrify
  1706 | D:4      | Killed Purgy
  1706 | D:4      | Reached skill level 5 in Earth Magic
  1706 | D:4      | Reached XP level 5. HP: 34/35 MP: 3/8
  1843 | D:4      | Reached XP level 6. HP: 41/41 MP: 6/9
  2055 | D:4      | Reached skill level 6 in Earth Magic
  2123 | D:5      | Entered Level 5 of the Dungeon
  2123 | D:5      | Found a staircase to the Ecumenical Temple.
  2133 | Temple   | Entered the Ecumenical Temple
  2180 | Temple   | Became a worshipper of Gozag Ym Sagoz the Greedy
  2224 | D:5      | Reached XP level 7. HP: 43/46 MP: 1/12
  2268 | D:5      | Learned a level 5 spell: Lee's Rapid Deconstruction
  2311 | D:5      | Reached skill level 1 in Transmutations
  2735 | D:5      | Reached skill level 1 in Short Blades
  2763 | D:5      | HP: 1/46 [adder (2)]
  5433 | D:5      | Reached XP level 8. HP: 41/52 MP: 8/14
  5764 | D:6      | Noticed Eustachio
  5793 | D:6      | Killed Eustachio
  5820 | D:6      | Found Zuvvuope's Gadget Shop.
  5876 | D:6      | Found Nessaest's Distillery.
  6038 | D:6      | Shot with an arrow by a centaur

Vault maps used:
D:1:      zelgadis_glass_arrival_small
D:2:      first_bread, feat_on_display
D:4:      minmay_misc_feat_iff, uniq_purgy
D:5:      gup_sewer_entry_bowl, enter_ossuary_4
D:6:      serial_shops, shop, shop, nicolae_shop_waterfront,
          nicolae_shop_statue_plus, serial_glass, glass_columns_a,
          glass_columns_a, glass_columns_a, glass_columns_a, uniq_eustachio
Temple:   compressed_dpeg_triangle_lava_temple

Skill      XL: |  1  2  3  4  5  6  7  8 |
---------------+-------------------------+-----
Earth Magic    | 3 4 5 6 |  6.0
Spellcasting   | 3 4 |  4.0
Transmutations | 2 |  2.0
Short Blades   | 2 4 |  4.6
Stealth        | 2 4 |  4.0
Dodging        | |  1.5

Action                   |  1- 3 |  4- 6 |  7- 9 || total
-------------------------+-------+-------+-------++-------
Melee: Quarterstaff      |       |     8 |       ||     8
       Dagger            |       |       |   248 ||   248
 Cast: Sandblast         |    43 |    49 |   113 ||   205
       Petrify           |       |       |    20 ||    20
       Passwall          |       |       |     4 ||     4
       Lee's Rapid Decon |       |       |     1 ||     1
Invok: Potion Petition   |       |       |     1 ||     1
  Use: Scroll            |       |     3 |     7 ||    10
 Stab: Petrified         |       |       |    21 ||    21
       Sleeping          |       |       |     6 ||     6
       Petrifying        |       |       |     3 ||     3
Armor: Robe              |       |     7 |    31 ||    38
Dodge: Dodged            |    13 |    18 |   197 ||   228
